 Dungeon Sprint DCSS version 0.30-a0-304-gdc4b735fe1 (webtiles) character file.

Game seed: 15035582218646852776

973 Low2 the Spear-Bearer (level 7, 0/68 HPs)
             Began as a Minotaur Gladiator on Oct 20, 2022.
             Was an Initiate of Makhleb.
             Succumbed to an orange demon's poison
             ... in the Dungeon (Sprint I: "Red Sonja").
             The game lasted 00:03:49 (402 turns).

Low2 the Spear-Bearer (Minotaur Gladiator)           Turns: 402, Time: 00:03:49

Health: 0/68       AC:  4    Str: 27    XL:     7   Next: 94%
Magic:  6/6        EV: 12    Int:  5    God:    Makhleb [......]
Gold:   195        SH:  0    Dex: 11    Spells: 6/6 levels left

rFire   . . .      SeeInvis .    a - +0 trident
rCold   + . .      Faith    .    (no shield)
rNeg    . . .      Spirit   .    f - +3 chain mail {rC+}
rPois   .          Reflect  .    c - +0 hat
rElec   .          Harm     .    (no cloak)
rCorr   .          Rampage  .    (no gloves)
Will    .....      NoTele   +    (no boots)
Stlth   ..........               (no amulet)
HPRegen 0.31/turn                e - +6 ring of strength
MPRegen 0.10/turn                (no ring)

@: mighty, lethally poisoned (0 -> -6), corroded, hasted, very quick
A: horns 2, retaliatory headbutt
a: Renounce Religion


You were in the Dungeon.
You worshipped Makhleb.
Makhleb was noncommittal.
You visited 1 branch You collected 405 gold pieces.
You spent 210 gold pieces at shops.

Inventory:

Hand Weapons
 a - a +0 trident (weapon)
Armour
 b - a +1 leather armour
 c - a +0 hat (worn)
 f - a +3 chain mail of cold resistance (worn)
Jewellery
 e - a +6 ring of strength (left hand)
Potions
 i - 2 potions of magic
 j - a potion of berserk rage


   Skills:
 + Level 8.1 Fighting
 + Level 13.7 Polearms
 + Level 6.2 Throwing
 + Level 2.7 Armour
 + Level 10.3 Dodging
 + Level 2.9 Stealth
 + Level 1.1 Evocations


You had 6 spell levels left.
You didn't know any spells.
Your spell library was empty.

Dungeon Overview and Level Annotations

Branches:
Dungeon (1/1)

Altars:
Cheibriados
Dithmenos
Elyvilon
Fedhas
Gozag
Hepliaklqana
Kikubaaqudgha
Makhleb
Nemelex Xobeh
Okawaru
Qazlal
Ru
Sif Muna
Trog
Uskayaw
Vehumet
Wu Jian
Xom
Yredelemnul
Zin
The Shining One
Jiyva
Lugonu

Shops:
D [


Innate Abilities, Weirdness & Mutations

You have a pair of horns on your head.
You reflexively headbutt those who attack you in melee.


Message History

You hit the rust devil.
The rust devil is lightly wounded.
The orange demon misses you.
The orange demon hits you but does no damage.
The iron imp closely misses you.
You puncture the rust devil! You headbutt the rust devil.
The rust devil is moderately wounded.
The rust devil hits you. The rust devil corrodes you!
You feel yourself speed up. The orange demon stings you.
You are poisoned.
The orange demon poisons you! The orange demon hits you.
The rust devil hits you. The rust devil corrodes you! The iron imp hits you!
* * * LOW HITPOINT WARNING * * *
You feel very sick.
The rust devil disappears in a puff of smoke!
The orange demon stings you from afar.
* * * LOW HITPOINT WARNING * * *
* * * LOW HITPOINT WARNING * * *
You feel very sick.
* * * LOW HITPOINT WARNING * * *
You feel very sick.
The kobold demonologist looks encouraged for a moment.
* * * LOW HITPOINT WARNING * * *
You feel very sick.
There is an open door here.
* * * LOW HITPOINT WARNING * * *
You feel sick.
Things that are here:
a +0 scythe; a +0 robe
* * * LOW HITPOINT WARNING * * *
You feel sick.
The kobold demonologist gestures wildly while chanting.
* * * LOW HITPOINT WARNING * * *
You feel sick.
* * * LOW HITPOINT WARNING * * *
You feel sick.
There is an open door here.
* * * LOW HITPOINT WARNING * * *
You feel sick.
You die...

########################
#<.#..').#.)'5.#5§#..'.4
#..').#@.'.4#..)..'..#.5
#..#####'#####'#K3#### .
#..####..#...#.####[?#
#..#__####..##.#~§§.c#
#..#_____##'#_.'§~§..+
#⌠⌠#_.∩...÷.§._#~~§§c#
####_..__##_.#'##+##
#_____###+#.# #######
###


You could see an orange demon (summoned) and an iron imp (summoned).

Vanquished Creatures
  A kobold demonologist (D)
  A slime creature (D)
  Sigmund (D)
  A yak (D)
  A floating eye (D)
  An ogre (D)
  A jelly (D)
  Ijyb (D)
8 creatures vanquished.

Notes
Turn   | Place    | Note
-------+----------+-------------------------------------------
     0 | D        | Low2 the Minotaur Gladiator began the quest for the Orb.
     0 | D        | Reached XP level 1. HP: 18/18 MP: 0/0
     2 | D        | Noticed Ijyb
     9 | D        | Killed Ijyb
    10 | D        | Reached skill level 5 in Polearms
    10 | D        | Reached XP level 2. HP: 20/26 MP: 1/1
    32 | D        | Noticed an ogre
    42 | D        | Killed an ogre
    43 | D        | Reached skill level 7 in Polearms
    43 | D        | Reached skill level 1 in Stealth
    43 | D        | Reached XP level 3. HP: 29/34 MP: 2/2
    43 | D        | Reached XP level 4. HP: 35/41 MP: 3/3
    64 | D        | Noticed Sigmund
    75 | D        | Killed Sigmund
    76 | D        | Reached skill level 5 in Fighting
    76 | D        | Reached skill level 10 in Polearms
    76 | D        | Reached XP level 5. HP: 47/50 MP: 4/4
    76 | D        | Reached XP level 6. HP: 54/57 MP: 5/5
    88 | D        | Found an ornate altar of the Wu Jian Council.
    88 | D        | Found a shimmering blue altar of Sif Muna.
    91 | D        | Found a radiant altar of Vehumet.
   129 | D        | Found Wavothre's Antique Armour Emporium.
   129 | D        | Found an ancient bone altar of Kikubaaqudgha.
   129 | D        | Found a hazy altar of Hepliaklqana.
   129 | D        | Found a stormy altar of Qazlal.
   129 | D        | Found a hide-covered altar of Uskayaw.
   129 | D        | Found a blossoming altar of Fedhas.
   129 | D        | Found a bloodstained altar of Trog.
   129 | D        | Found an iron altar of Okawaru.
   129 | D        | Found a basalt altar of Yredelemnul.
   129 | D        | Found a glowing golden altar of the Shining One.
   129 | D        | Found a snail-covered altar of Cheibriados.
   129 | D        | Found a sacrificial altar of Ru.
   129 | D        | Found a glowing silver altar of Zin.
   129 | D        | Found a shadowy altar of Dithmenos.
   129 | D        | Found a white marble altar of Elyvilon.
   129 | D        | Noticed a yak
   134 | D        | Killed a yak
   135 | D        | Reached skill level 11 in Polearms
   135 | D        | Reached skill level 5 in Throwing
   135 | D        | Reached skill level 1 in Armour
   135 | D        | Found an opulent altar of Gozag.
   136 | D        | Found a sparkling altar of Nemelex Xobeh.
   158 | D        | Found a burning altar of Makhleb.
   158 | D        | Found a viscous altar of Jiyva.
   158 | D        | Found a shimmering altar of Xom.
   158 | D        | Found a corrupted altar of Lugonu.
   158 | D        | Noticed a slime creature
   166 | D        | Killed a slime creature
   167 | D        | Reached skill level 12 in Polearms
   167 | D        | Reached XP level 7. HP: 28/66 MP: 6/6
   306 | D        | Became a worshipper of Makhleb the Destroyer
   327 | D        | Bought a glowing chain mail for 210 gold pieces
   345 | D        | Noticed a centaur warrior
   345 | D        | Noticed a centaur warrior
   358 | D        | Noticed a kobold demonologist
   358 | D        | Noticed a kobold demonologist
   360 | D        | Reached skill level 13 in Polearms
   360 | D        | Reached skill level 10 in Dodging
   363 | D        | Noticed an ice devil
   367 | D        | Noticed a rust devil
   377 | D        | Noticed a chaos spawn
   380 | D        | Noticed an orange demon
   388 | D        | Killed a kobold demonologist
   389 | D        | Reached skill level 1 in Evocations
   389 | D        | Noticed a chaos spawn
   399 | D        | Noticed a sun demon
   399 | D        | HP: 3/68 [poisoned by an orange demon]
   402 | D        | Succumbed to an orange demon's poison

Illustrated notes

Levels and vault maps discovered:
D:        dungeon_sprint_1 [red_sonja_temple_1, red_sonja_temple_small_1]

Skill      XL: |  1  2  3  4  5  6  7 |
---------------+----------------------+-----
Fighting       | 3 4 5 7 8 |  8.1
Polearms       | 5 7 10 12 13 | 13.7
Dodging        | 4 6 8 9 10 | 10.3
Throwing       | 3 4 5 6 |  6.2
Stealth        | 1 2 |  2.9
Armour         | 1 2 |  2.7
Evocations     | 1 |  1.1

Action                   |  1- 3 |  4- 6 |  7- 9 || total
-------------------------+-------+-------+-------++-------
Melee: Trident           |    12 |    15 |    16 ||    43
       Headbutt          |     4 |     3 |     5 ||    12
Throw: Throwing net      |     3 |     1 |       ||     4
       Javelin           |       |     3 |     1 ||     4
Evoke: Wand              |       |       |     8 ||     8
  Use: Potion            |       |     1 |     3 ||     4
       Scroll            |       |     1 |     1 ||     2
 Stab: Held in net/web   |     1 |       |       ||     1
Armor: Chain mail        |       |       |    28 ||    28
Dodge: Dodged            |     4 |     5 |    23 ||    32

Table legend: (Time is in decaauts)
 A = Elapsed time spent in this place.
 B = Non-inter-level travel time spent in this place.
 C = Inter-level travel time spent in this place.
 D = Time resting spent in this place.
 E = Time spent auto-exploring this place.
 F = Levels seen in this place.
 G = Mean time per level.
                   A        B        C        D        E       F      G
               +--------+--------+--------+--------+--------+-----+--------+
         Total |    391 |    391 |      0 |    144 |      1 |   1 |  391.0 |
       Dungeon |    391 |    391 |      0 |    144 |      1 |   1 |  391.0 |
               +--------+--------+--------+--------+--------+-----+--------+

Top non-repeatable levels by time:
       D: 391 daAuts
